 Dungeon Crawl Stone Soup version 0.30.1-9-gdf580d7c3d (webtiles) character file.

Game seed: 6130877044824139086

78 Gabide the Shooter (level 3, -4/45 HPs)
             Began as a Demigod Hunter on Oct 24, 2023.
             Slain by Grinder (7 damage)
             ... on level 3 of the Dungeon.
             The game lasted 00:03:20 (1861 turns).

Gabide the Shooter (Demigod Hunter)                 Turns: 1861, Time: 00:03:20

Health: -4/45      AC: 21    Str: 12    XL:     3   Next: 94%
Magic:  5/5        EV:  2    Int: 11    God:
Gold:   165        SH:  0    Dex: 21    Spells: 2/2 levels left

rFire   . . .        a - +1 shortbow
rCold   . . .        (shield currently unavailable)
rNeg    . . .        c - melded +1 leather armour
rPois   +            (helmet currently unavailable)
rElec   .            (cloak currently unavailable)
rCorr   .            (gloves currently unavailable)
SInv    .            (boots currently unavailable)
Will    .....        (no amulet)
Stlth   ++           (no ring)
HPRegen 0.27/turn    (no ring)
MPRegen 0.09/turn

%: no passive effects
@: tree-form, on berserk cooldown, slowed, very slow
A: stationary, stasis, torment immunity, boosted hp, high MP 1, forlorn, divine
attributes, (iridescent scales 1), (poison resistance), wild magic 1
a: no special abilities


You were on level 3 of the Dungeon.
You were a tree.
You visited 1 branch of the dungeon, and saw 3 of its levels.

You collected 165 gold pieces.

Inventory:

Hand Weapons
 a - a +1 shortbow (weapon)
Armour
 c - a +1 leather armour (melded)
Jewellery
 e - a ring of ice
Scrolls
 b - a scroll of immolation
Potions
 d - 3 potions of attraction
 g - a potion of cancellation


   Skills:
 + Level 2.7 Fighting
 + Level 4.2 Ranged Weapons
 + Level 2.7 Dodging
 - Level 1.0 Stealth


You had 2 spell levels left.
You didn't know any spells.
Your spell library contained the following spells:

 Spells                   Type           Power      Damage    Failure   Level
 Sublimation of Blood     Necr           0%         N/A       56%         2
 Wereblood                Tmut           0%         N/A       56%         2
 Vhi's Electric Charge    Tloc/Air       0%         N/A       78%         3
 Arcjolt                  Conj/Air       0%         1d10      100%        5
 Summon Hydra             Summ           0%         N/A       100%        7
 Maxwell's Capacitive Co  Air            0%         ∞         100%        8


Dungeon Overview and Level Annotations

Branches:
Dungeon (3/15)

Annotations:
D:3 Grinder


Innate Abilities, Weirdness & Mutations

You are a tree.
Your roots penetrate the ground, keeping you stationary.
You cannot be teleported.
You are immune to unholy pain and torment.
Your maximum health is greatly increased.
Your equipment is partially melded.
You have an increased reservoir of magic. (+10% MP)
You shall have no god before yourself.
Your divine heritage dramatically boosts your attributes as you level up.
((You are partially covered in iridescent scales. (AC +2)))
((Your system is resistant to poisons. (rPois)))
Your spells are a little harder to cast, but a little more powerful.


Message History

* * * LOW HITPOINT WARNING * * *
It was a potion of berserk rage.
A red film seems to cover your vision as you go berserk!
You feel yourself moving faster!
You feel mighty! Grinder hits you!
* * * LOW HITPOINT WARNING * * *
You writhe in agony.
* * * LOW HITPOINT WARNING * * *
You are too berserk!
You feel a strong urge to attack something.
You feel your anger nearly subside.
You are no longer berserk.
You are exhausted.
You feel yourself slow down.
Okay, then.
It was a potion of lignification.
You turn into a tree.
Your +1 leather armour melds into your body.
Your roots penetrate the ground.
Grinder hits you.
* * * LOW HITPOINT WARNING * * *
Fire: a) +1 shortbow
Press: ? - help, Q - select action Shift-Dir - straight line, f - hobgoblin, p - Grinder
Aim: a hobgoblin (66% to hit)
You shoot an arrow. The arrow hits Grinder.
Grinder is lightly wounded.
Grinder hits you but does no damage. Grinder gestures at you.
You suddenly lose the ability to move!
Grinder hits you.
* * * LOW HITPOINT WARNING * * *
You can move again.
Fire: a) +1 shortbow
Press: ? - help, Q - select action Shift-Dir - straight line, f/p - hobgoblin
Aim: a hobgoblin (66% to hit)
You shoot an arrow. The arrow hits the hobgoblin.
You kill the hobgoblin!
Grinder hits you but does no damage. x2
Fire: a) +1 shortbow
Press: ? - help, Q - select action Shift-Dir - straight line, f - goblin
Aim: a goblin, wielding a +0 dagger (60% to hit)
You shoot an arrow. The arrow closely misses the goblin.
The goblin hits you but does no damage. Grinder hits you!
You die...

#g# ##.5.##
#.########...†.###
#g..?.............#
.######.######....#####.#
........##.##.....# #.
#######.##P##.....# P
#.#######...#
#.5....##...#
#.g♣...##.#.#
#.###.###.### #.###.###.#
#.........# #####.#######
#.# ##.######## #.#
#..........
#.#####.......##
#....###....###


You could see Grinder and a goblin.

Vanquished Creatures
  An adder (D:2)
  A worm (D:2)
  3 dart slugs (D:1)
  6 ball pythons
  5 endoplasms
  5 giant cockroaches
  A goblin (D:2)
  7 hobgoblins
  8 jackals
  2 quokkas
  4 bats
  A frilled lizard (D:1)
  5 kobolds
  5 rats
54 creatures vanquished.

Notes
Turn   | Place    | Note
-------+----------+-------------------------------------------
     0 | D:1      | Gabide the Demigod Hunter began the quest for the Orb.
     0 | D:1      | Reached XP level 1. HP: 17/17 MP: 3/3
    97 | D:1      | Reached skill level 1 in Stealth
   252 | D:1      | Reached XP level 2. HP: 12/24 MP: 4/4
   611 | D:1      | Reached skill level 4 in Ranged Weapons
   611 | D:1      | Reached XP level 3. HP: 30/30 MP: 5/5
  1819 | D:3      | Noticed Grinder
  1820 | D:3      | Paralysed by Grinder for 3 turns
  1835 | D:3      | Paralysed by Grinder for 3 turns
  1847 | D:3      | Paralysed by Grinder for 2 turns
  1850 | D:3      | Gained mutation: Your system is resistant to poisons.
                  | (rPois) [potion of mutation]
  1850 | D:3      | Gained mutation: Your spells are a little harder to cast,
                  | but a little more powerful. [potion of mutation]
  1850 | D:3      | Gained mutation: You are partially covered in iridescent
                  | scales. (AC +2) [potion of mutation]
  1851 | D:3      | HP: 2/45 [Grinder (5)]
  1858 | D:3      | Paralysed by Grinder for 2 turns
  1859 | D:3      | HP: 2/45 [Grinder (2)]
  1861 | D:3      | Slain by Grinder

Illustrated notes

Levels and vault maps discovered:
D:1:      denvon_arrival_planthouse, layout_basic
D:2:      layout_loops_cross
D:3:      layout_loops_corners, serial_shops, shop, nicolae_shop_mannequins,
          shop, serial_aquarium, aquarium_bridge_long_separate
          [aquarium_subvault_wall, aquarium_subvault_wall,
          aquarium_subvault_bridge, aquarium_subvault_bridge,
          aquarium_subvault_balcony, aquarium_subvault_wall],
          aquarium_bridge_square [aquarium_subvault_wall,
          aquarium_subvault_bridge, aquarium_subvault_wall,
          aquarium_subvault_balcony], aquarium_window_2, aquarium_window_fake,
          aquarium_view_2b, aquarium_view_2d, dk_noncrumbling_2,
          chequers_serial_rivers_micro_e, minmay_misc_feat_five, uniq_grinder

Skill      XL: |  1  2 |
---------------+-------+-----
Stealth        | 1 |  1.0
Dodging        | 2 |  2.7
Fighting       | 2 |  2.7
Ranged Weapons | 4 |  4.2

Action                     || total
---------------------------++-------
   Fire: Shortbow          ||   135
    Use: Scroll            ||     8
         Potion            ||     3
 Armour: Leather armour    ||    11
         Skin              ||     4
  Dodge: Dodged            ||    39
